 Dungeon Crawl Stone Soup version 0.20.0-15-g7f486f2 (webtiles) character file.

248 Inarius the Digger (level 6, 0/35 HPs)
             Began as a Gargoyle Earth Elementalist on June 23, 2017.
             Slain by a bullfrog (3 damage)
             ... in a sewer.
             The game lasted 00:08:04 (2904 turns).

Inarius the Digger (Gargoyle Earth Elementalist)    Turns: 2904, Time: 00:08:05

Health: 0/35       AC:  6    Str: 12    XL:     6   Next: 12%
Magic:  1/10       EV: 12    Int: 17    God:
Gold:   168        SH:  0    Dex: 10    Spells: 3/11 levels left

rFire    + . .     SeeInvis .   a - +1 dagger
rCold    x . .     Gourm    .   (no shield)
rNeg     + . .     Faith    .   c - +0 robe
rPois    ∞         Spirit   .   (no helmet)
rElec    +         Reflect  .   (no cloak)
rCorr    .         Harm     .   (no gloves)
MR       .....     Rnd*Tele +   (no boots)
Stlth    +.........             (no amulet)
Regen    0.2/turn               f - ring of teleportation (curse)
MPRegen  0.2/turn               g - ring of fire

@: very slow
A: negative energy resistance 1, electricity resistance, unbreathing,
petrification resistance, rot immunity, AC +4
a: no special abilities


You were in a sewer.
You were not hungry.

You visited 1 branch of the dungeon, and saw 3 of its levels.
You also visited: Sewer.

You collected 168 gold pieces.

Inventory:

Hand Weapons
 a - a +1 dagger (weapon)
Missiles
 b - 31 stones (quivered)
Armour
 c - a +0 robe (worn)
 n - a +0 scale mail
Jewellery
 f - a cursed ring of teleportation (left hand)
 g - a ring of fire (right hand)
Scrolls
 k - a scroll of fog
 m - 2 scrolls of teleportation
Potions
 i - a potion of haste
Books
 e - a book of Geomancy

   Spells                             Type                      Level
   a - Sandblast                      Earth                        1
   b - Passwall                       Transmutation/Earth          2
   c - Stone Arrow                    Conjuration/Earth            3
   d - Petrify                        Transmutation/Earth          4
   e - Lee's Rapid Deconstruction     Earth                        5
Comestibles
 d - 2 bread rations
 j - 4 chunks of flesh


   Skills:
 * Level 2.2 Fighting
 - Level 0.3 Short Blades
 * Level 1.5 Armour
 * Level 2.3 Dodging
 - Level 2.3 Stealth
 + Level 3.1 Spellcasting
 * Level 1.5 Transmutations
 + Level 5.0 Earth Magic


You had 3 spell levels left.
You knew the following spells:

 Your Spells              Type           Power        Failure   Level  Hunger
a - Sandblast             Erth           ###...       2%          1    None
b - Stone Arrow           Conj/Erth      ##....       19%         3    ###....
c - Petrify               Tmut/Erth      ##......     41%         4    ####...


Dungeon Overview and Level Annotations

Branches:
Dungeon (3/15)

Altars:


Innate Abilities, Weirdness & Mutations

You are resistant to torment.
Your stone body is resilient. (AC +4)
You are immune to poison.
You resist negative energy. (rN+)
You are resistant to electric shocks. (rElec)
You can survive without breathing.
You are immune to petrification.
You are immune to rotting.


Message History

The bullfrog hits you.
* * * LOW HITPOINT WARNING * * *
The ball python bites you but does no damage.
The ball python grabs you. The ball python constricts you.
The bullfrog barely misses you.
The ball python bites you but does no damage.
* * * LOW HITPOINT WARNING * * *
The ball python constricts you.
You escape the ball python's grasp.
The bullfrog hits you but does no damage.
You see here a frilled lizard corpse.
You enter the shallow water.
Moving in this stuff is going to be slow.
The bullfrog hits you.
* * * LOW HITPOINT WARNING * * *
The ball python barely misses you. The ball python closely misses you.
The bullfrog misses you. The ball python bites you.
* * * LOW HITPOINT WARNING * * *
The ball python barely misses you. The bullfrog hits you.
You die...

#≈≈#≈≈≈# #≈≈≈≈≈≈#
#≈≈≈≈≈≈# #≈≈≈≈≈≈#
#≈≈≈≈#≈# #≈≈≈≈†≈#
#≈≈≈≈†≈# #≈≈≈≈SF#
#≈≈≈≈@≈# ≈≈≈≈≈#
#≈≈≈≈#≈# ≈≈≈≈≈#
#≈≈≈≈≈≈# ≈≈≈≈≈#
#≈≈≈≈≈≈# ≈≈≈≈≈#
#≈≈≈≈≈≈# ≈≈≈≈≈#
#≈≈≈≈≈≈# ≈≈≈≈≈#
#####≈≈≈≈≈≈# ≈≈≈≈##
#..###≈≈≈≈##
.....###..##......#


You could see a bullfrog and a ball python.

Vanquished Creatures
  A bullfrog (Sewer)
  9 adders
  3 river rats (Sewer)
  2 dart slugs
  2 leopard geckos (D:2)
  5 giant cockroaches
  6 goblins
  3 hobgoblins
  13 ball pythons
  5 bats
  5 frilled lizards
  7 kobolds
  26 rats
87 creatures vanquished.

Notes
Turn   | Place    | Note
-------+----------+-------------------------------------------
     0 | D:1      | Inarius the Gargoyle Earth Elementalist began the quest for the Orb.
     0 | D:1      | Reached XP level 1. HP: 10/10 MP: 3/3
   248 | D:1      | Reached XP level 2. HP: 8/15 MP: 1/5
   428 | D:1      | Reached skill level 4 in Earth Magic
  1135 | D:2      | Reached XP level 3. HP: 20/20 MP: 1/6
  1196 | D:2      | Learned a level 3 spell: Stone Arrow
  1204 | D:2      | Reached skill level 1 in Fighting
  1590 | D:2      | Reached XP level 4. HP: 25/25 MP: 5/7
  1605 | D:2      | Learned a level 4 spell: Petrify
  2246 | D:3      | Found a glowing drain.
  2275 | Sewer    | Entered a sewer
  2336 | Sewer    | Reached skill level 1 in Transmutations
  2417 | Sewer    | Reached XP level 5. HP: 21/30 MP: 4/9
  2879 | Sewer    | Reached skill level 1 in Armour
  2883 | Sewer    | Reached skill level 5 in Earth Magic
  2883 | Sewer    | Reached XP level 6. HP: 26/35 MP: 3/10
  2892 | Sewer    | HP: 1/35 [ball python (1)]
  2904 | Sewer    | Slain by a bullfrog

Skill      XL: |  1  2  3  4  5 |
---------------+----------------+-----
Earth Magic    | 4 5 |  5.0
Fighting       | 1 2 |  2.2
Transmutations | 1 |  1.5
Spellcasting   | 3 |  3.1
Armour         | 1 |  1.5
Dodging        | 2 |  2.3
Short Blades   | |  0.3
Stealth        | |  2.3

Action                   |  1- 3 |  4- 6 || total
-------------------------+-------+-------++-------
Melee: Dagger            |    50 |    99 ||   149
 Cast: Sandblast         |    27 |    55 ||    82
  Use: Scroll            |       |     7 ||     7
       Potion            |       |     4 ||     4
 Stab: Sleeping          |     2 |     1 ||     3
  Eat: Chunk             |     2 |     5 ||     7
Armor: Robe              |    17 |    56 ||    73
Dodge: Dodged            |    41 |   151 ||   192
